 Dungeon Crawl Stone Soup version 0.25-a0-185-g6cfeca75b2 (webtiles) character file.

Game seed: 12455822848058874063, levelgen mode: deterministic

94015 MisterFreud the Spear-Bearer (level 16, -16/172 HPs)
             Began as a Naga Fire Elementalist on Nov 28, 2019.
             Was the Champion of Cheibriados.
             Demolished by a golden dragon simulacrum (32 damage)
             ... in an ice cave.
             The game lasted 01:42:34 (30695 turns).

MisterFreud the Spear-Bearer (NaFE)                Turns: 30695, Time: 01:42:35

Health: -16/172    AC: 28    Str: 27    XL:     16   Next: 10%
Magic:  20/28      EV: 15    Int: 36    God:    Cheibriados [******]
Gold:   2079       SH:  6    Dex: 27    Spells: 9/31 levels left

rFire    . . .     SeeInvis +   Q - +0 trident (venom)
rCold    . . .     Gourm    +   K - +0 buckler
rNeg     + . .     Faith    .   (armour currently unavailable)
rPois    ∞         Spirit   .   (no helmet)
rElec    +         Reflect  .   P - scarf {cloud immunity}
rCorr    .         Harm     .   (gloves currently unavailable)
MR       +++..                  (no barding)
Stlth    +++.......             h - amulet of the gourmand
HPRegen  0.38/turn              S - ring of protection from magic
MPRegen  0.21/turn              F - ring of wizardry

@: statue-form, very slow
A: large, see invisible, deformed body, poison resistance, slow metabolism 1,
spit poison 1, constrict 1, AC +5
a: Spit Poison, End Transformation, Bend Time, Temporal Distortion, Slouch, Step
From Time, Renounce Religion


You were in an ice cave.
You worshipped Cheibriados.
Cheibriados was exalted by your worship.
You were not hungry.
You were a stone statue.
You visited 5 branches of the dungeon, and saw 26 of its levels.
You also visited: Ice Cave.

You collected 2428 gold pieces.
You spent 349 gold pieces at shops.

Inventory:

Hand Weapons
 Q - a +0 trident of venom (weapon)
Missiles
 q - 659 arrows
 u - 7 throwing nets (quivered)
 A - 87 bolts
Armour
 w - a +0 pair of gloves (melded)
 y - a +0 leather armour (melded)
 K - a +0 buckler (worn)
 O - +1 ice dragon scales
 P - a scarf of cloud immunity (worn)
Jewellery
 h - an amulet of the gourmand (around neck)
 o - an uncursed ring of fire
 r - an uncursed ring of protection from fire
 F - a ring of wizardry (right hand)
 H - an uncursed ring of positive energy
 M - an uncursed ring of fire
 S - a ring of protection from magic (left hand)
 V - an uncursed ring of resist corrosion
 X - an uncursed ring of wizardry
Wands
 a - a wand of enslavement (24)
 B - a wand of clouds (2)
 G - a wand of iceblast (2)
 I - a wand of flame (26)
 J - a wand of polymorph (25)
 Y - a wand of acid (16)
Scrolls
 e - 2 scrolls of fog
 g - a scroll of torment
 k - a scroll of vulnerability
 l - a scroll of enchant armour
 m - a scroll of fear
 n - a scroll of identify
 s - 2 scrolls of teleportation
 v - 6 scrolls of enchant weapon
 x - 8 scrolls of remove curse
 T - a scroll of amnesia
Potions
 b - 8 potions of curing
 d - 4 potions of might
 f - 4 potions of brilliance
 i - 2 potions of ambrosia
 j - a potion of cancellation
 t - 7 potions of flight
 z - a potion of resistance
 C - a potion of mutation
 E - 3 potions of heal wounds
 L - 2 potions of magic
 W - 3 potions of agility
 Z - 2 potions of lignification
Miscellaneous
 D - 2 boxes of beasts
 U - a lamp of fire
Comestibles
 c - 45 rations


   Skills:
 + Level 5.8 Fighting
 - Level 14.0 Polearms
 - Level 6.0 Armour
 - Level 6.0 Dodging
 - Level 3.0 Stealth
 - Level 2.4 Shields
 - Level 8.0 Spellcasting
 - Level 7.0 Conjurations
 - Level 8.0 Translocations
 - Level 10.0 Transmutations
 - Level 7.0 Fire Magic
 - Level 10.0 Earth Magic
 - Level 6.1 Invocations
 - Level 5.0 Evocations


You had 9 spell levels left.
You knew the following spells:

 Your Spells              Type           Power        Failure   Level  Hunger
a - Statue Form           Tmut/Erth      ######...    2%          6    #####..
b - Lesser Beckoning      Tloc           ######....   1%          3    None
c - Sticky Flame          Conj/Fire      ######..     1%          4    None
d - Fireball              Conj/Fire      ######....   1%          5    ###....
e - Flame Tongue          Conj/Fire      #####        1%          1    None
f - Conjure Flame         Conj/Fire      ######..     1%          3    None

Your spell library contained the following spells:

 Spells                   Type           Power        Failure   Level  Hunger
 Animate Skeleton         Necr           N/A          1%          1    None
 Apportation              Tloc           ######       1%          1    None
 Confusing Touch          Hex            ##....       1%          1    None
 Corona                   Hex            ##.....      1%          1    None
 Shock                    Conj/Air       ####         1%          1    None
 Summon Butterflies       Summ           ##......     1%          1    None
 Summon Small Mammal      Summ           ##..         1%          1    None
 Slow                     Hex            ##......     1%          2    None
 Throw Flame              Conj/Fire      ######       1%          2    None
 Inner Flame              Hex/Fire       #####...     1%          3    None
 Mephitic Cloud           Conj/Pois/Air  ####....     1%          3    None
 Portal Projectile        Hex/Tloc       #####.       1%          3    None
 Leda's Liquefaction      Hex/Erth       ######....   1%          4    None
 Petrify                  Tmut/Erth      ######..     1%          4    None
 Bolt of Magma            Conj/Fire/Erth ######....   1%          5    ###....
 Lee's Rapid Deconstruct  Erth           ######....   1%          5    ###....
 Call Canine Familiar     Summ           ##......     3%          3    None
 Tukima's Dance           Hex            ##......     3%          3    None
 Alistair's Intoxication  Tmut/Pois      ######..     4%          5    ###....
 Iron Shot                Conj/Erth      ######....   5%          6    #####..
 Dispersal                Tloc           ######....   6%          6    #####..
 Iskenderun's Battlesphe  Conj/Chrm      #####...     8%          5    ###....
 Venom Bolt               Conj/Pois      #####.....   8%          5    ###....
 Cause Fear               Hex            ##........   12%         4    None
 Summon Ice Beast         Ice/Summ       ##......     12%         4    None
 Summon Mana Viper        Hex/Summ       ##......     30%         5    ###....
 Orb of Destruction       Conj           ######....   45%         7    ######.
 Invisibility             Hex            ##......     83%         6    #####..
 Spellforged Servitor     Conj/Summ      #####.....   89%         7    ######.
 Summon Hydra             Summ           ##........   100%        7    ######.


Dungeon Overview and Level Annotations

Branches:
Dungeon (15/15)            Temple (1/1) D:6            Lair (6/6) D:9
  Swamp (2/4) Lair:2       Spider (0/4) Lair:3        Slime (0/5) Lair:6
    Orc (2/2) D:12            Elf (0/3) Orc:2        Vaults (0/5) D:14
  IceCv (1/1)
 Depths: D:15

Altars:
Ashenzari
Cheibriados
Dithmenos
Elyvilon
Fedhas
Gozag
Hepliaklqana
Kikubaaqudgha
Makhleb
Nemelex Xobeh
Okawaru
Qazlal
Ru
Sif Muna
Trog
Uskayaw
Vehumet
Wu Jian
Xom
Yredelemnul
Zin
The Shining One
Beogh

Shops:
D:7 ?   D:10 !   D:12 (%   Orc:2 [[(*

Annotations:
D:12 2 transporters, Ymosh's ghost, journeyman DsFi
Lair:4 1 runed translucent door, Qiclaph's ghost, journeyman MiBe


Innate Abilities, Weirdness & Mutations

You cannot wear boots.
((Your serpentine skin is tough. (AC +5)))
You have supernaturally acute eyesight. (SInv)
Armour fits poorly on your strangely shaped body.
Your system is resistant to poisons. (rPois)
((You cover ground very slowly.))
You have a slow metabolism.
You can spit poison.
You can use your snake-like lower body to constrict enemies.


Message History

Aim: a golden dragon simulacrum (freezing vapour)
The sticky flame hits the golden dragon simulacrum!
The golden dragon simulacrum melts!
The golden dragon simulacrum is moderately damaged.
The golden dragon simulacrum is covered in liquid flames!
You hear a sizzling sound!
The golden dragon simulacrum burns! x2; The golden dragon simulacrum bites you!
The golden dragon simulacrum freezes you!!!
You block the golden dragon simulacrum's attack.
The golden dragon simulacrum closely misses you.
You puncture the golden dragon simulacrum!
The golden dragon simulacrum is severely damaged.
You block the golden dragon simulacrum's attack.
The golden dragon simulacrum claws you.
The golden dragon simulacrum freezes you!!!
* * * LOW HITPOINT WARNING * * *
The golden dragon simulacrum tramples you!
* * * LOW HITPOINT WARNING * * *
The golden dragon simulacrum freezes you!!
You die...

##.#
#..#
##.##
#..# ###
#.## ##
##.##
##.##.#
#..Z#
#.#.##
#..#Z#
##...#
#.Z.#8##
#.#.#
#54###.#
###.##
#Z.Z
##.#
##.#
#..4#
#..#
##.#
#5.#
#..#
#..#


.ZZ #.## #.## #..## #.## ##..# ##.# #..# ##.# You could see 2 golden dragon
simulacra.

Vanquished Creatures
  2 orc warlords
  An ironheart preserver (D:14)
  A dire elephant (Lair:6)
  An ettin (Orc:2)
  Harold (D:7)
  11 hydras
  A merfolk avatar (Lair:6)
  An ice dragon (Swamp:2)
  4 centaur warriors
  A shambling mangrove (Swamp:1)
  3 two-headed ogres
  10 death yaks
  An alligator (Swamp:1)
  Sonja (Lair:2)
  Nergalle (D:11)
  2 unseen horrors
  A sea snake (Lair:6)
  Pikel (D:4)
  A harpy (Lair:6)
  A deep troll (D:15)
  6 ugly things
  4 orc sorcerers
  5 cyclopes
  3 manticores
  7 slime creatures
  3 black mambas
  9 elephants
  An ice statue (IceCv)
  11 spiny frogs
  4 gargoyles
  5 rime drakes
  A yaktaur (shapeshifter) (D:15)
  5 centaur skeletons
  4 freezing wraiths (IceCv)
  4 ice devils (IceCv)
  11 komodo dragons
  An anaconda simulacrum (IceCv)
  9 trolls
  A harpy zombie (D:14)
  A jumping spider (shapeshifter) (D:14)
  8 hornets
  A wind drake (Lair:6)
  2 polar bears
  4 tyrant leeches
  A blink frog (shapeshifter) (D:15)
  3 blink frogs (Lair:5)
  7 hippogriffs
  3 centaur simulacra
  3 bog bodies (Swamp:1)
  A redback (Lair:3)
  2 dire elephant simulacra (IceCv)
  3 shadows
  3 wyverns
  3 spriggans (Swamp:1)
  A wraith (D:15)
  25 yaks
  2 basilisks
  10 vampire mosquitoes
  4 hungry ghosts
  2 harpy simulacra (IceCv)
  A death yak simulacrum (IceCv)
  2 wargs
  7 swamp worms
  2 iron troll simulacra (IceCv)
  7 water moccasins
  2 soldier ants
  3 hydra simulacra (IceCv)
  An acid dragon (D:12)
  4 swamp drakes (Swamp:1)
  7 porcupines
  3 phantoms
  An ettin simulacrum (IceCv)
  6 ice beasts
  5 sky beasts
  An eye of draining (D:11)
  43 orc warriors
  A necrophage (D:6)
  13 ogres
  12 wolves
  17 centaurs
  17 crocodiles
  2 big kobolds
  21 bullfrogs
  2 wyvern zombies
  4 scorpions
  A wyvern skeleton (D:12)
  19 killer bees
  4 wights (D:10)
  An electric eel (D:10)
  2 howler monkeys
  5 centaur zombies
  9 crimson imps
  3 draconian simulacra (IceCv)
  2 quasits
  8 hounds
  19 jellies
  22 orc priests
  32 orc wizards
  A bullfrog skeleton (D:5)
  A bullfrog zombie (D:12)
  2 iguanas
  11 worker ants
  A polar bear simulacrum (IceCv)
  2 troll simulacra (IceCv)
  A hound zombie (D:11)
  2 worker ant zombies
  A howler monkey skeleton (D:9)
  4 gnolls (D:5)
  9 adders
  4 naga simulacra (IceCv)
  A shadow imp (D:7)
  11 white imps
  A worker ant simulacrum (D:10)
  5 ufetubi (IceCv)
  7 oozes
  An adder skeleton (D:9)
  2 adder zombies
  2 worms (D:3)
  2 dart slugs
  6 leopard geckos
  120 orcs
  A ball python (D:2)
  A giant cockroach (D:4)
  2 goblins
  4 hobgoblins
  7 jackals
  5 quokkas
  4 bats
  4 frilled lizards
  2 jackal skeletons
  A jackal zombie (D:7)
  8 kobolds
  2 leopard gecko skeletons
  A quokka skeleton (D:5)
  A quokka zombie (D:5)
  4 rats
  2 fungi
786 creatures vanquished.

Vanquished Creatures (collateral kills)
  A killer bee (D:9)
1 creature vanquished.

Vanquished Creatures (others)
  A white imp (IceCv)
  A bush (Lair:6)
  33 fungi
  33 plants
68 creatures vanquished.

Grand Total: 855 creatures vanquished

Notes
Turn   | Place    | Note
-------+----------+-------------------------------------------
     0 | D:1      | MisterFreud the Naga Fire Elementalist began the quest for
                  | the Orb.
     0 | D:1      | Reached XP level 1. HP: 15/15 MP: 3/3
   253 | D:1      | Reached XP level 2. HP: 20/22 MP: 3/5
   863 | D:2      | Reached XP level 3. HP: 28/28 MP: 6/6
   990 | D:2      | You fall into a shaft and drop 1 floor!
  1555 | D:3      | Reached XP level 4. HP: 10/36 MP: 0/7
  1848 | D:3      | Found a glowing silver altar of Zin.
  1848 | D:3      | Noticed an angel
  1909 | D:3      | Found a bloodstained altar of Trog.
  2129 | D:3      | Reached XP level 5. HP: 42/42 MP: 4/9
  2191 | D:3      | Learned a level 3 spell: Conjure Flame
  2196 | D:3      | Learned a level 4 spell: Sticky Flame
  2234 | D:3      | Found a burning altar of Makhleb.
  2234 | D:3      | Found a sacrificial altar of Ru.
  2531 | D:4      | Noticed a slave
  2531 | D:4      | Noticed a slave
  2531 | D:4      | Noticed a slave
  2532 | D:4      | Noticed a slave
  2567 | D:4      | Noticed Pikel
  2739 | D:4      | Reached XP level 6. HP: 37/49 MP: 0/10
  2917 | D:4      | Noticed a phantom
  3113 | D:4      | Found a stormy altar of Qazlal.
  3223 | D:4      | Reached XP level 7. HP: 55/55 MP: 3/12
  3457 | D:5      | Entered Level 5 of the Dungeon
  3502 | D:4      | Killed Pikel
  3502 | D:4      | Reached skill level 5 in Conjurations
  3502 | D:4      | Reached skill level 5 in Fire Magic
  3502 | D:4      | Reached XP level 8. HP: 20/62 MP: 3/15
  3733 | D:5      | Reached skill level 5 in Spellcasting
  4212 | D:5      | Identified a scroll of acquirement
  4212 | D:5      | Identified the Catalogue of Arcane Weapons and Stones (You
                  | acquired it on level 5 of the Dungeon)
  4367 | D:6      | HP: 2/62 [orc priest/divine providence (8)]
  4698 | D:6      | Found a staircase to the Ecumenical Temple.
  4708 | Temple   | Entered the Ecumenical Temple
  4993 | D:6      | Found a snail-covered altar of Cheibriados.
  4996 | D:6      | Became a worshipper of Cheibriados the Contemplative
  5171 | D:6      | Reached skill level 1 in Fighting
  5275 | D:5      | Found a glowing golden altar of the Shining One.
  5396 | D:5      | Reached XP level 9. HP: 29/73 MP: 9/16
  6653 | D:6      | Found a shimmering blue altar of Sif Muna.
  7254 | D:7      | Found Qecsaigo's Magic Scroll Shoppe.
  7263 | D:7      | Bought a scroll of fog for 28 gold pieces
  7266 | D:7      | Noticed Harold
  7279 | D:7      | Reached * piety under Cheibriados
  7291 | D:7      | Killed Harold
  7291 | D:7      | Reached skill level 5 in Dodging
  7293 | D:7      | HP: 2/77 [orc/+0 hand axe (4)]
  7993 | D:7      | Noticed a +0 dagger
  7993 | D:7      | Noticed a +0 hand axe
  7995 | D:7      | Found a hide-covered altar of Uskayaw.
  8129 | D:7      | Reached skill level 1 in Invocations
  8346 | D:7      | Reached XP level 10. HP: 85/85 MP: 17/17
  8401 | D:7      | Found an opulent altar of Gozag.
  8588 | D:8      | Reached skill level 1 in Armour
  8893 | D:8      | Reached ** piety under Cheibriados
  9073 | D:8      | Found a basalt altar of Yredelemnul.
  9293 | D:8      | Found a sacrificial altar of Ru.
  9308 | D:8      | Found an ancient bone altar of Kikubaaqudgha.
  9413 | D:9      | Reached skill level 1 in Evocations
  9682 | D:9      | Noticed a manticore
  9745 | D:9      | Killed a manticore
 10063 | D:9      | Found a staircase to the Lair.
 10095 | D:9      | Reached *** piety under Cheibriados
 10522 | D:9      | Reached **** piety under Cheibriados
 10873 | D:9      | Learned a level 5 spell: Fireball
 10880 | D:9      | Learned a level 6 spell: Statue Form
 11194 | D:10     | Entered Level 10 of the Dungeon
 11199 | D:10     | Reached skill level 1 in Transmutations
 11199 | D:10     | Reached skill level 1 in Earth Magic
 11247 | D:10     | Reached skill level 5 in Evocations
 11247 | D:10     | Reached XP level 11. HP: 86/91 MP: 13/18
 11534 | D:10     | Reached skill level 5 in Armour
 11729 | D:10     | Found Jexie's Distillery.
 11737 | D:10     | Bought a potion of heal wounds for 55 gold pieces
 12083 | D:10     | Reached ***** piety under Cheibriados
 12579 | D:10     | Noticed an unseen horror
 12584 | D:10     | Killed an unseen horror
 12934 | D:7      | Got a jewelled scale mail
 12935 | D:7      | Identified the cursed +0 scale mail "Sunau" {Str+4} (You
                  | found it on level 7 of the Dungeon)
 13247 | Lair:1   | Entered Level 1 of the Lair of Beasts
 13585 | Lair:1   | Got a steaming scale mail
 13586 | Lair:1   | Identified the +3 scale mail "Vocutwul" {*Drain rN++ Int+7}
                  | (You found it on level 1 of the Lair of Beasts)
 13649 | Lair:1   | Reached skill level 1 in Shields
 14090 | Lair:1   | Found a shadowy altar of Dithmenos.
 14518 | Lair:2   | Found a staircase to the Swamp.
 14646 | Lair:2   | Reached skill level 5 in Invocations
 15311 | Lair:2   | Noticed a six-headed hydra
 15318 | Lair:2   | Killed a six-headed hydra
 15318 | Lair:2   | Reached skill level 5 in Transmutations
 15318 | Lair:2   | Reached skill level 5 in Earth Magic
 15318 | Lair:2   | Reached XP level 12. HP: 80/98 MP: 9/19
 15681 | Lair:2   | Found a snail-covered altar of Cheibriados.
 16051 | Lair:2   | Noticed Sonja
 16067 | Lair:2   | Killed Sonja
 16731 | Lair:3   | Found a hole to the Spider Nest.
 17677 | Lair:4   | Reached ****** piety under Cheibriados
 17810 | Lair:4   | Found a runed translucent door.
 17822 | Lair:4   | Noticed Qiclaph's ghost (journeyman MiBe)
 18430 | Lair:5   | Noticed a death yak
 18430 | Lair:5   | Noticed a death yak
 18430 | Lair:5   | Noticed a death yak
 18430 | Lair:5   | Noticed a death yak
 18431 | Lair:5   | Noticed a death yak
 18951 | Lair:5   | Noticed a death yak
 18956 | Lair:5   | Killed a death yak
 18956 | Lair:5   | Gained mutation: You can use your snake-like lower body to
                  | constrict enemies. [Naga growth]
 18956 | Lair:5   | Reached XP level 13. HP: 92/104 MP: 5/21
 20404 | D:11     | Reached skill level 1 in Polearms
 20553 | D:11     | Found a sacrificial altar of Ru.
 20579 | D:11     | You fall into a shaft and drop 2 floors!
 20725 | D:12     | Reached skill level 2 in Polearms
 21063 | D:11     | Noticed Nergalle
 21071 | D:11     | Killed Nergalle
 21144 | D:12     | Reached skill level 10 in Transmutations
 21144 | D:12     | Reached skill level 10 in Earth Magic
 21155 | D:12     | Found Bohaem's Weapon Emporium.
 21155 | D:12     | Found a staircase to the Orcish Mines.
 21219 | D:12     | Reached skill level 3 in Polearms
 21521 | D:12     | Reached skill level 4 in Polearms
 21572 | D:12     | Found Gefuosus's Food Emporium.
 21577 | D:12     | Noticed Ymosh's ghost (journeyman DsFi)
 21578 | D:12     | Identified the +10 giant club of Corporal Punishment
                  | {venom, Str+7 Dex-4 SInv Stlth+}
 21578 | D:12     | Noticed an ettin
 21583 | D:12     | Found a bloodstained altar of Trog.
 21585 | D:12     | Identified the +7 halberd of Spontaneous Combustion {vamp,
                  | +Inv rElec Int+5 Stlth-}
 21591 | D:12     | Found a transporter.
 21620 | D:12     | Found a transporter.
 21925 | D:13     | Reached skill level 5 in Polearms
 21931 | D:13     | Reached XP level 14. HP: 113/113 MP: 6/26
 22117 | D:13     | Reached skill level 6 in Polearms
 22247 | D:14     | Reached skill level 7 in Polearms
 22351 | D:14     | Learned a level 3 spell: Lesser Beckoning
 22408 | D:14     | Reached skill level 1 in Translocations
 22546 | D:14     | Reached skill level 8 in Polearms
 22573 | D:14     | Found a gate to the Vaults.
 22622 | D:14     | Noticed an ironheart preserver
 22629 | D:14     | Killed an ironheart preserver
 22975 | D:15     | Entered Level 15 of the Dungeon
 23035 | D:15     | Reached skill level 9 in Polearms
 23558 | D:15     | Noticed a dire elephant
 23562 | D:15     | Reached skill level 10 in Polearms
 23670 | Orc:1    | Entered Level 1 of the Orcish Mines
 23670 | Orc:1    | Noticed an orc warlord
 23677 | Orc:1    | Killed an orc warlord
 24138 | Orc:2    | Entered Level 2 of the Orcish Mines
 24140 | Orc:2    | Found a staircase to the Elven Halls.
 24526 | Orc:2    | Reached skill level 11 in Polearms
 25040 | Orc:2    | Found a roughly hewn altar of Beogh.
 25313 | Orc:2    | Noticed an orc warlord
 25342 | Orc:2    | Killed an orc warlord
 25342 | Orc:2    | Reached XP level 15. HP: 100/120 MP: 24/27
 25666 | Orc:2    | Found Qynyran's Antique Armour Emporium.
 25667 | Orc:2    | Found a roughly hewn altar of Beogh.
 25668 | Orc:2    | Found Muchutec's Antique Weapon Shoppe.
 25732 | Orc:2    | Found a roughly hewn altar of Beogh.
 25783 | Orc:2    | Found a roughly hewn altar of Beogh.
 25809 | Orc:2    | Found Baned's Antique Armour Emporium.
 25982 | Orc:2    | Found a roughly hewn altar of Beogh.
 26001 | Orc:2    | Found Xegi Set's Assorted Antiques.
 26014 | Orc:2    | Bought a scroll labeled OBIGEH IDUON for 38 gold pieces
 26014 | Orc:2    | Bought a scroll labeled YSIFRE PUFI for 38 gold pieces
 26016 | Orc:2    | Bought a wooden ring for 190 gold pieces
 26228 | Lair:6   | Entered Level 6 of the Lair of Beasts
 26268 | Lair:6   | Reached skill level 5 in Translocations
 26307 | Lair:6   | Found a staircase to the Slime Pits.
 26630 | Lair:6   | Reached skill level 12 in Polearms
 26874 | Lair:6   | Got a scintillating platinum amulet
 26889 | Lair:6   | Identified the Guide on Dislocated Hexes
 26896 | Lair:6   | Identified the amulet "Sixug" {Gourm SInv} (You found it on
                  | level 6 of the Lair of Beasts)
 27736 | Swamp:1  | Entered Level 1 of the Swamp
 28150 | Swamp:1  | Reached skill level 13 in Polearms
 29101 | Swamp:2  | Found a frozen archway.
 29142 | IceCv    | Entered an ice cave
 29432 | IceCv    | Reached skill level 14 in Polearms
 29434 | IceCv    | Reached XP level 16. HP: 13/128 MP: 19/28
 30178 | IceCv    | Reached skill level 5 in Fighting
 30695 | IceCv    | Demolished by a golden dragon simulacrum

Levels and vault maps discovered:
D:1:      lemuel_arrival_hallway, layout_loops_corners
D:2:      layout_rooms
D:3:      layout_loops_corners, zin_angel, lemuel_crystal_altar,
          gammafunk_temple_overflow_wave, first_ration, hex_medium,
          hangedman_decor_lopped, hangedman_decor_slide_cut, st_stairs_6
D:4:      layout_loops_cross, grunt_qazlal_clouds, uniq_pikel
D:5:      layout_layer_cave, overflow_temple_1_default
D:6:      layout_basic, lemuel_coloured_pillars_altar, kennysheep_slug_shrine,
          minmay_temple_entry_junction_2, enter_ossuary_2
D:7:      layout_cave_pods, grunt_gozag_breadcrumbs, dancing_weapons_uskayaw,
          serial_shops, shop, uniq_harold
D:8:      layout_loops_ring, lemuel_crystal_altar, basic_altar,
          yredelemnul_altar_generic
D:9:      layout_cave_pods, david_lair_shrubbed, hangedman_little_slice_of_home
D:10:     layout_basic, serial_shops, shop, serial_ice, serial_ice_a,
          serial_ice_f, serial_ice_e, serial_ice_n, serial_ice_b, serial_ice_m,
          minmay_misc_feat_tiny
D:11:     layout_roguey, basic_altar, small_statue_intersection, uniq_nergalle
D:12:     layout_roguey, orc_david_3, gammafunk_ghost_wrathful_warriors,
          serial_shops, shop
D:13:     layout_rooms
D:14:     layout_loops_cross, skrybe_vaults_entry_preservation,
          minmay_misc_feat_encased
D:15:     hangedman_depths_entry_try_elsewhere_first, layout_cave_pools,
          corexii_corridor_pit, minmay_misc_feat_secret_circle,
          minmay_checkerbox
Temple:   minmay_temple_curvy_loop
Lair:1:   layout_regular_city, basic_altar, grunt_megastairs_2,
          infiniplex_staircase_pool_2, serial_bayou_shore_b, lemuel_fruit_tree
Lair:2:   layout_chaotic_city, swamp_mist, lemuel_centaur_altar, uniq_sonja
Lair:3:   layout_roguey, spider_nest_entry_webs, grunt_forest_small_clearings
Lair:4:   layout_loops_ring, ebering_ghost_reflecting_pool, grunt_megastairs_3
Lair:5:   layout_big_grid, lemuel_fruit_fields, lemuel_fruit_fields,
          serial_bayou_shore_a
Lair:6:   gammafunk_lair_ancient_temple, layout_regular_city,
          minmay_slime_entry_jelly_boxes
Swamp:1:  layout_basic_swamp, infiniplex_staircase_pool
Swamp:2:  layout_falls_marsh, portal_ice_cave_entry_dragon,
          nicolae_swamp_treefoil
Orc:1:    layout_caves
Orc:2:    grunt_orc_community_town_hall, layout_caves,
          grunt_orc_community_big_house_1, grunt_orc_community_big_house_1,
          grunt_orc_community_house_2, grunt_orc_community_house_2,
          grunt_orc_community_house_3, grunt_orc_community_house_2,
          grunt_orc_community_house_2, grunt_orc_community_house_1
IceCv:    ice_cave_caverns_01

Skill      XL: |  1  2  3  4  5  6  7  8  9 10 11 12 13 14 15 16 |
---------------+-------------------------------------------------+-----
Conjurations   | 2 3 4 5 7 |  7.0
Spellcasting   | 3 4 5 8 |  8.0
Fire Magic     | 4 5 7 |  7.0
Fighting       | 2 4 5 |  5.8
Dodging        | 6 |  6.0
Invocations    | 1 4 5 6 |  6.1
Armour         | 4 6 |  6.0
Evocations     | 5 |  5.0
Transmutations | 1 5 8 10 | 10.0
Earth Magic    | 1 5 8 10 | 10.0
Shields        | 2 |  2.4
Polearms       | 5 11 14 | 14.0
Translocations | 4 8 |  8.0
Stealth        | |  3.0

Action                   |  1- 3 |  4- 6 |  7- 9 | 10-12 | 13-15 | 16-18 || total
-------------------------+-------+-------+-------+-------+-------+-------++-------
Melee: Unarmed           |     1 |       |       |       |       |       ||     1
       Club              |     1 |       |       |       |       |       ||     1
       Dagger            |     8 |     3 |       |       |       |       ||    11
       Short sword       |       |     2 |   212 |    45 |       |       ||   259
       Scythe            |       |       |       |   179 |       |       ||   179
       Trident           |       |       |       |   123 |  1164 |   121 ||  1408
       Constrict         |       |       |       |       |   227 |    18 ||   245
Throw: Throwing net      |       |       |       |       |     1 |       ||     1
 Cast: Flame Tongue      |    34 |    37 |    33 |   119 |     5 |       ||   228
       Sticky Flame      |       |     1 |    28 |   104 |    76 |    11 ||   220
       Fireball          |       |       |       |     2 |       |       ||     2
       Conjure Flame     |       |       |       |     2 |       |       ||     2
       Statue Form       |       |       |       |       |    90 |     9 ||    99
       Lesser Beckoning  |       |       |       |       |    29 |       ||    29
Invok: Slouch            |       |       |       |     3 |     8 |     1 ||    12
       Temporal Distorti |       |       |       |     1 |       |       ||     1
 Abil: Spit Poison       |    25 |    24 |    28 |    53 |    16 |       ||   146
Evoke: Wand              |       |       |       |     7 |     8 |       ||    15
  Use: Scroll            |    10 |     2 |     8 |    17 |    15 |       ||    52
       Potion            |     1 |       |     3 |       |     4 |       ||     8
 Stab: Sleeping          |       |       |     1 |     2 |     9 |       ||    12
       Distracted        |       |       |       |       |     5 |       ||     5
  Eat: Chunk             |     5 |    14 |    18 |    42 |    64 |       ||   143
       Ration            |       |       |       |       |     1 |     1 ||     2
Armor: Robe              |     2 |     4 |    64 |       |       |       ||    70
       Skin              |       |       |    50 |       |   640 |    53 ||   743
       Leather armour    |       |       |       |   120 |    50 |     1 ||   171
       Scale mail        |       |       |       |    93 |    20 |       ||   113
Dodge: Dodged            |    18 |    14 |   141 |   430 |   980 |    86 ||  1669
Block: Buckler           |       |       |       |    53 |   454 |    34 ||   541

Table legend:
 A = Non-vault XP
 B = Vault XP
 C = Vault XP percentage of total XP
 D = Non-vault monster count
 E = Vault monster count
 F = Vault count percentage of total count
                 A         B        C        D         E       F
            +---------+---------+-------+---------+---------+-------
      Total |   96977 |   37331 |  27.8 |     566 |     220 |  28.0
            +---------+---------+-------+---------+---------+-------
        D:1 |      30 |       0 |   0.0 |      17 |       0 |   0.0
        D:2 |      30 |       0 |   0.0 |       8 |       0 |   0.0
        D:3 |     175 |       5 |   2.8 |      22 |       1 |   4.3
        D:4 |     430 |     685 |  61.4 |      15 |       1 |   6.2
        D:5 |     440 |       0 |   0.0 |      21 |       0 |   0.0
        D:6 |     863 |       4 |   0.5 |      19 |       1 |   5.0
        D:7 |     972 |    1023 |  51.3 |      22 |       1 |   4.3
        D:8 |     970 |       0 |   0.0 |      24 |       0 |   0.0
        D:9 |    2670 |     499 |  15.7 |      31 |       9 |  22.5
       D:10 |    4163 |    1567 |  27.3 |      40 |      12 |  23.1
       D:11 |    3185 |     800 |  20.1 |      27 |       1 |   3.6
       D:12 |    7090 |     148 |   2.0 |      24 |       6 |  20.0
       D:13 |    7936 |       0 |   0.0 |      27 |       0 |   0.0
       D:14 |    5552 |    3943 |  41.5 |      19 |       9 |  32.1
       D:15 |    4309 |    2227 |  34.1 |      16 |       6 |  27.3
     Lair:1 |    1873 |     181 |   8.8 |       8 |       2 |  20.0
     Lair:2 |    4513 |    1302 |  22.4 |      13 |       5 |  27.8
     Lair:3 |    2891 |     220 |   7.1 |      14 |       1 |   6.7
     Lair:4 |    3769 |       0 |   0.0 |      21 |       0 |   0.0
     Lair:5 |    9951 |       0 |   0.0 |      26 |       0 |   0.0
     Lair:6 |    8679 |   11323 |  56.6 |      23 |      40 |  63.5
    Swamp:1 |   12559 |       0 |   0.0 |      32 |       0 |   0.0
    Swamp:2 |    4855 |     949 |  16.4 |      17 |       1 |   5.6
      Orc:1 |    6266 |       0 |   0.0 |      49 |       0 |   0.0
      Orc:2 |    2806 |    6505 |  69.9 |      31 |      77 |  71.3
      IceCv |       0 |    5950 | 100.0 |       0 |      47 | 100.0
            +---------+---------+-------+---------+---------+-------
